 Dungeon Crawl Stone Soup version 0.23-a0-419-g0174fd8 (webtiles) character file.

189981 kidcy the Bludgeoner (level 18, -18/148 HPs)
             Began as a Formicid Abyssal Knight on Nov 11, 2018.
             Was an Elder of Lugonu.
             Killed from afar by a merfolk aquamancer (29 damage)
             ... with a torrent of water
             ... on level 1 of the Shoals on Nov 12, 2018.
             The game lasted 01:50:59 (40262 turns).

kidcy the Bludgeoner (Formicid Abyssal Knight)     Turns: 40262, Time: 01:50:59

Health: -18/148    AC: 26    Str: 30    XL:     18   Next: 81%
Magic:  27/28      EV: 13    Int: 12    God:    Lugonu [****..]
Gold:   419        SH: 24    Dex: 10    Spells: 17/17 levels left

rFire    + + .     SeeInvis +   R - +1 dire flail (crush)
rCold    + + .     Gourm    .   a - +0 large shield
rNeg     . . .     Faith    .   p - +2 plate armour {rPois}
rPois    +         Spirit   .   (helmet unavailable)
rElec    +         Reflect  +   B - +1 cloak of Starlight {rElec rC+ EV+4 Stlth--}
rCorr    .         Harm     .   M - +1 pair of gloves {archery}
MR       +....                  s - +1 pair of boots
Stlth    ..........             Q - +3 amulet of reflection
HPRegen  0.34/turn              P - ring "Uphucuh" {rF+ rC+ Str+5}
MPRegen  0.21/turn              n - ring of protection from fire

@: no status effects
A: permanent stasis, dig shafts and tunnels, four strong arms, antennae 3
}: 1/15 runes: serpentine
a: Dig, Shaft Self, Depart the Abyss, Bend Space, Banish, Corrupt, Renounce
Religion


You were on level 1 of the Shoals.
You worshipped Lugonu.
Lugonu was greatly pleased with you.
You were not hungry.

You visited 5 branches of the dungeon, and saw 29 of its levels.
You visited the Abyss 2 times.
You also visited: Labyrinth and Sewer.

You collected 2423 gold pieces.
You spent 2004 gold pieces at shops.

Inventory:

Hand Weapons
 I - a +4 dire flail
 R - a +1 dire flail of crushing (weapon)
Armour
 a - a +0 large shield (worn)
 p - a +2 plate armour of poison resistance (worn)
 s - a +1 pair of boots (worn)
 B - the +1 cloak of Starlight (worn) {rElec rC+ EV+4 Stlth--}
   (You found it on level 6 of the Dungeon)

   It affects your evasion (+4).
   It protects you from cold.
   It insulates you from electricity.
   It makes you much less stealthy.
 M - a +1 pair of gloves of archery (worn)
 O - the +9 plate armour of Mihofuor {Str+7}
   (You found it on level 6 of the Lair of Beasts)

   It affects your strength (+7).
Jewellery
 n - a ring of protection from fire (right hand)
 J - an uncursed ring of wizardry
 P - the ring "Uphucuh" (left hand) {rF+ rC+ Str+5}
   (You bought it in a shop on level 1 of the Snake Pit)

   [ring of protection from fire]

   It affects your strength (+5).
   It protects you from fire.
   It protects you from cold.
 Q - a +3 amulet of reflection (around neck)
Wands
 j - a wand of scattershot (10)
 k - a wand of paralysis (19)
 o - a wand of iceblast (16)
 D - a wand of polymorph (2)
 E - a wand of digging (17)
 F - a wand of random effects (17)
 G - a wand of clouds (7)
Scrolls
 b - 2 scrolls of enchant armour
 e - 4 scrolls of enchant weapon
 g - 4 scrolls of amnesia
 v - 9 scrolls of remove curse
 y - 6 scrolls of fear
 C - 2 scrolls of summoning
 H - 2 scrolls of fog
 L - 7 scrolls of identify
Potions
 f - 4 potions of resistance
 i - 4 potions of might
 l - 4 potions of ambrosia
 q - 10 potions of lignification
 r - 8 potions of curing
 t - a potion of invisibility
 u - 5 potions of flight
 w - 2 potions of agility
 x - 5 potions of brilliance
 z - 2 potions of magic
 A - 2 potions of mutation
Miscellaneous
 h - a lamp of fire
 m - a phantom mirror
 N - a sack of spiders
Comestibles
 c - 23 rations


   Skills:
 + Level 14.8 Fighting
 * Level 18.3 Maces & Flails
 + Level 14.7 Armour
 - Level 1.7 Dodging
 + Level 14.6 Shields
 - Level 13.4 Invocations
 - Level 5.8 Evocations


You had 17 spell levels left.
You didn't know any spells.
Your spell library contained the following spells:

 Spells                   Type           Power        Failure   Level  Hunger
 Animate Skeleton         Necr           N/A          89%         1    ##.....
 Beastly Appendage        Tmut           #.....       89%         1    ##.....
 Corona                   Hex            #......      89%         1    ##.....
 Freeze                   Ice            #...         89%         1    ##.....
 Magic Dart               Conj           #...         89%         1    ##.....
 Pain                     Necr           #...         89%         1    ##.....
 Sting                    Conj/Pois      #...         89%         1    ##.....
 Corpse Rot               Necr           N/A          96%         2    ###....
 Poisonous Vapours        Pois/Air       #.....       96%         2    ###....
 Searing Ray              Conj           #.....       96%         2    ###....
 Shroud of Golubria       Chrm/Tloc      #.........   96%         2    ###....
 Slow                     Hex            #.......     96%         2    ###....
 Sticks to Snakes         Tmut           #.......     96%         2    ###....
 Sublimation of Blood     Necr           #.........   96%         2    ###....
 Throw Frost              Conj/Ice       #.....       96%         2    ###....
 Conjure Flame            Conj/Fire      #.......     99%         3    ####...
 Dazzling Spray           Conj/Hex       #.....       99%         3    ####...
 Gell's Gravitas          Tloc           #.........   99%         3    ####...
 Inner Flame              Hex/Fire       #.......     99%         3    ####...
 Lesser Beckoning         Tloc           #.........   99%         3    ####...
 Mephitic Cloud           Conj/Pois/Air  #.......     99%         3    ####...
 Ozocubu's Armour         Chrm/Ice       #.......     99%         3    ####...
 Portal Projectile        Hex/Tloc       #.....       99%         3    ####...
 Regeneration             Chrm/Necr      #.........   99%         3    ####...
 Spider Form              Tmut/Pois      #.........   99%         3    ####...
 Teleport Other           Tloc           #.......     99%         3    ####...
 Vampiric Draining        Necr           #.........   99%         3    ####...
 Animate Dead             Necr           N/A          100%        4    #####..
 Cause Fear               Hex            #.........   100%        4    #####..
 Force Lance              Conj/Tloc      #.......     100%        4    #####..
 Fulminant Prism          Conj/Hex       #.........   100%        4    #####..
 Ice Form                 Ice/Tmut       #.......     100%        4    #####..
 Iskenderun's Mystic Bla  Conj           #.......     100%        4    #####..
 Leda's Liquefaction      Hex/Erth       #.........   100%        4    #####..
 Olgreb's Toxic Radiance  Pois           #.......     100%        4    #####..
 Passage of Golubria      Tloc           N/A          100%        4    #####..
 Summon Ice Beast         Ice/Summ       #.......     100%        4    #####..
 Summon Lightning Spire   Summ/Air       #.......     100%        4    #####..
 Throw Icicle             Conj/Ice       #.......     100%        4    #####..
 Agony                    Necr           #.......     100%        5    ######.
 Blade Hands              Tmut           #.........   100%        5    ######.
 Bolt of Draining         Conj/Necr      #.........   100%        5    ######.
 Bolt of Magma            Conj/Fire/Erth #.........   100%        5    ######.
 Dispel Undead            Necr           #.......     100%        5    ######.
 Excruciating Wounds      Chrm/Necr      #.........   100%        5    ######.
 Iskenderun's Battlesphe  Conj/Chrm      #.......     100%        5    ######.
 Silence                  Hex/Air        #.........   100%        5    ######.
 Venom Bolt               Conj/Pois      #.........   100%        5    ######.
 Bolt of Cold             Conj/Ice       #.........   100%        6    #######
 Conjure Ball Lightning   Conj/Air       #.........   100%        6    #######
 Deflect Missiles         Chrm/Air       #.........   100%        6    #######
 Dispersal                Tloc           #.........   100%        6    #######
 Freezing Cloud           Conj/Ice/Air   #.........   100%        6    #######
 Iron Shot                Conj/Erth      #.........   100%        6    #######
 Ozocubu's Refrigeration  Ice            #.........   100%        6    #######
 Shadow Creatures         Summ           N/A          100%        6    #######
 Orb of Destruction       Conj           #.........   100%        7    #######
 Ring of Flames           Chrm/Fire      #.........   100%        7    #######
 Spellforged Servitor     Conj/Summ      #.........   100%        7    #######
 Tornado                  Air            #.........   100%        9    #######
 Blink                    Tloc           Unusable     N/A         2    N/A

Dungeon Overview and Level Annotations

Branches:
Dungeon (15/15)            Temple (0/1) D:6            Lair (6/6) D:10
 Shoals (2/4) Lair:3        Snake (4/4) Lair:3        Slime (0/5) Lair:6
    Orc (2/2) D:10            Elf (0/3) Orc:2        Vaults (0/5) D:14
 Depths (0/5) D:15

Altars:
Ashenzari
Dithmenos
Fedhas
Makhleb
Okawaru
Sif Muna
Trog
Uskayaw
Vehumet
Wu Jian
Xom
Beogh

Shops:
D:13 *   D:15 %   Orc:1 *   Orc:2 *?!}!?*!   Snake:1 }=}   Snake:2 }[[=

Annotations:
D:7 Prince Ribbit
D:8 corrupted
D:12 corrupted
Lair:2 1 runed door, Juplutso's ghost, journeyman CeHu
Lair:5 corrupted
Snake:3 corrupted
Abyss:1 Urug


Innate Abilities, Weirdness & Mutations

You cannot be hasted, slowed, berserked, paralysed or teleported.
You can dig through walls and to a lower floor.
Your four strong arms can wield two-handed weapons with a shield.
You have a pair of large antennae on your head. (SInv)


Message History

Your lungs strain for air!
You block the water elemental's attack.
The merfolk aquamancer casts a spell.
The merfolk aquamancer blinks!
You slip free of the water engulfing you.
You gasp with relief as air once again reaches your lungs.
Okay, then.
You feel better. You block the water elemental's attack.
The merfolk aquamancer casts a spell at you.
The torrent of water misses you.
The wave splashes down.
Okay, then.
Space bends around you!
You blink.
A merfolk comes into view. It is wielding a +0 trident.
The merfolk throws a throwing net.
You reflect the throwing net off an invisible shield around you!
The throwing net hits the merfolk.
The merfolk is caught in the net!
The merfolk struggles against the net.
The merfolk aquamancer gestures at you while chanting.
The torrent of water hits you!
You die...

.##....≈≈≈≈≈P≈≈≈≈≈≈≈≈≈≈≈≈≈≈≈
≈....≈≈P≈≈≈PP≈≈≈≈≈≈≈≈≈≈≈≈≈≈≈
.....≈≈≈≈≈P≈P≈≈≈≈≈≈≈≈≈≈≈≈≈≈≈
.....≈≈P.≈≈PPP≈P≈≈≈≈≈≈≈≈≈≈..
≈≈......^P.PPP≈≈§>...≈≈...?#
≈.......###P≈≈≈.mE##........
≈.....P.###≈P≈≈..####.###.≈≈
≈....##.P[..P.≈..###..# ≈
≈....#......#.P≈@.....#
≈≈...P.....###.≈.......# {
≈≈≈........###.........m{
≈≈≈≈........####......##
≈≈≈≈≈.......# #......#
≈≈≈≈≈≈...#### .#######
≈≈≈≈≈≈≈..# .
≈≈≈≈..≈..#####..#
≈≈≈≈........#...#


You could see a merfolk aquamancer, a merfolk (caught) and a water elemental.

Vanquished Creatures
  Nikola (Snake:4)
  4 nagarajas
  An ettin (D:15)
  Josephine (D:12)
  4 vault guards (D:14)
  Erolcha (D:12)
  2 hydras
  2 catoblepae
  10 naga warriors
  4 centaur warriors
  9 anacondas
  A dancing weapon (Snake:1)
  A death knight (D:15)
  4 ogre magi
  10 two-headed ogres
  A tengu warrior (D:15)
  7 orc high priests
  3 shock serpents
  5 naga sharpshooters
  Nergalle (D:11)
  A salamander mystic (Snake:2)
  4 skeletal warriors (D:15)
  2 flayed ghosts (D:11)
  A deep troll (D:15)
  An unseen horror (D:13)
  A wizard (D:14)
  A sea snake (Shoals:1)
  Pikel (D:7)
  5 harpies (Shoals:1)
  8 naga ritualists
  5 orc knights
  An orb spider (shapeshifter) (D:14)
  A wolf spider zombie (D:15)
  4 manticores
  An oklob plant (Lair:5)
  An orc sorcerer (D:14)
  A deep elf mage (D:11)
  12 ugly things
  5 cyclopes
  7 salamanders
  14 mana vipers
  32 black mambas
  13 naga magi
  6 elephants (Lair:6)
  3 guardian serpents
  4 merfolk sirens
  34 spiny frogs
  Psyche (D:12)
  2 gargoyles (D:13)
  A kobold demonologist (D:13)
  12 komodo dragons
  An efreet (D:13)
  A rime drake (Lair:6)
  2 freezing wraiths (D:14)
  A tengu conjurer (D:15)
  3 yaktaurs
  9 trolls
  A meliai (D:14)
  A merfolk (Lair:3)
  A hornet (D:12)
  A tyrant leech (Lair:6)
  3 polar bears
  3 raiju (Abyss:1)
  10 slime creatures
  20 blink frogs
  12 hippogriffs
  2 snapping turtles
  7 dream sheep (Lair:4)
  A slime creature (shapeshifter) (D:11)
  4 flying skulls (Abyss:1)
  2 spriggans
  3 wyverns
  A centaur simulacrum (D:13)
  5 wraiths
  50 yaks
  3 vampires
  3 shadows
  2 hogs
  3 basilisks
  A neqoxec (Abyss:1)
  8 vampire mosquitoes
  Menkaure (D:5)
  39 nagas
  7 wargs
  A soldier ant (D:14)
  4 acid dragons
  Duvessa (D:7)
  18 water moccasins
  9 porcupines
  20 orc warriors
  3 ice beasts
  An ice beast (shapeshifter) (D:15)
  A sky beast (D:7)
  A phantom (D:8)
  2 black bears
  10 ogres
  A slave (D:7)
  9 wolves
  19 centaurs
  13 crocodiles
  Blork the orc (D:4)
  4 big kobolds
  30 bullfrogs
  Dowan (D:7)
  2 scorpions
  9 wights
  5 howler monkeys
  3 electric eels
  11 centaur zombies
  8 crimson imps
  A wyvern simulacrum (D:15)
  A bullfrog zombie (D:8)
  8 hounds
  4 jellies
  31 orc priests
  4 bullfrog skeletons
  A centaur skeleton (D:7)
  14 orc wizards
  Crazy Yiuf (D:2)
  Jessica (D:2)
  Ijyb (D:5)
  Terence (D:2)
  11 worker ants
  2 hound zombies
  A mummy (D:7)
  2 worker ant zombies
  18 adders
  9 gnolls
  A howler monkey skeleton (D:10)
  3 river rats
  4 shadow imps
  An ooze (Lair:6)
  An adder skeleton (D:9)
  4 worms
  A dart slug (D:1)
  12 leopard geckos
  84 orcs
  9 bats
  7 giant cockroaches
  4 goblins
  6 hobgoblins
  16 jackals
  14 kobolds
  4 quokkas
  5 ball pythons
  2 hobgoblin zombies (D:7)
  A jackal skeleton (D:7)
  2 quokka zombies
  7 rats
  A plant (Lair:5)
955 creatures vanquished.

Vanquished Creatures (others)
  Kirke (Lair:5)
  A shadow dragon (D:12)
  The ghost of Xoff the Spear-Bearer, a journeyman GnFi of Okawaru (Snake:1)
  A minotaur (Lab)
  A fire dragon (D:12)
  The ghost of Tovarisch the Cleaver, a journeyman DDNe of Makhleb (D:12)
  3 hydras
  A naga warrior (Snake:3)
  2 anacondas
  A death knight (D:12)
  2 orc high priests (Orc:2)
  A tengu warrior (D:10)
  A naga sharpshooter (Snake:4)
  A naga ritualist (Snake:1)
  2 orc knights
  3 oklob plants (Lair:5)
  2 naga magi
  2 guardian serpents
  A gargoyle (D:8)
  6 spiny frogs
  2 komodo dragons
  2 tyrant leeches (Lair:6)
  A troll (D:10)
  A polar bear (Lair:5)
  A slime creature (D:12)
  2 hippogriffs
  3 blink frogs
  A shadow (D:10)
  5 yaks
  4 humans (Lair:5)
  2 basilisks
  A vampire mosquito (Lair:6)
  A hungry ghost (D:10)
  2 nagas
  2 orc warriors
  A slave (D:7)
  3 ogres
  8 wolves
  A crocodile (Lair:3)
  A centaur zombie (D:12)
  4 orc priests
  An iguana (D:7)
  A worker ant (D:12)
  2 orc wizards
  3 orcs
  67 fungi
  84 plants
  2 starspawn tentacles (D:12)
242 creatures vanquished.

Grand Total: 1197 creatures vanquished

Notes
Turn   | Place    | Note
-------+----------+-------------------------------------------
     0 | Abyss:1  | kidcy the Formicid Abyssal Knight began the quest for the
                  | Orb.
     0 | Abyss:1  | Reached XP level 1. HP: 18/18 MP: 2/2
    65 | Abyss:1  | Noticed a small abomination
    91 | Abyss:1  | Noticed a vampire
    92 | D:1      | Escaped the Abyss
   190 | D:1      | Reached skill level 1 in Dodging
   315 | D:1      | Reached XP level 2. HP: 18/24 MP: 3/3
   603 | D:1      | Reached * piety under Lugonu
  1073 | D:2      | Reached XP level 3. HP: 28/29 MP: 4/4
  1089 | D:2      | Reached XP level 4. HP: 28/37 MP: 6/6
  1323 | D:2      | Noticed Jessica
  1332 | D:2      | Killed Jessica
  1332 | D:2      | Reached XP level 5. HP: 40/42 MP: 7/7
  1383 | D:2      | Reached skill level 3 in Maces & Flails
  1748 | D:2      | Reached ** piety under Lugonu
  1811 | D:2      | Found an iron altar of Okawaru.
  1876 | D:2      | Found a runed door.
  2075 | D:2      | Noticed Terence
  2083 | D:2      | Killed Terence
  2083 | D:2      | Reached XP level 6. HP: 48/48 MP: 8/8
  2196 | D:2      | Noticed Crazy Yiuf
  2203 | D:2      | Killed Crazy Yiuf
  2614 | D:3      | Found a bloodstained altar of Trog.
  2912 | D:3      | Found an ornate altar of the Wu Jian Council.
  3119 | D:4      | Reached skill level 4 in Maces & Flails
  3172 | D:4      | Noticed an ogre
  3202 | D:4      | Killed an ogre
  3237 | D:4      | Found a shadowy altar of Dithmenos.
  3254 | D:4      | Reached XP level 7. HP: 52/55 MP: 10/10
  3303 | D:4      | Noticed Blork the orc
  3318 | D:4      | Killed Blork the orc
  3685 | D:4      | Reached skill level 5 in Fighting
  3692 | D:4      | Reached skill level 5 in Maces & Flails
  3812 | D:4      | Found a blossoming altar of Fedhas.
  4068 | D:5      | Entered Level 5 of the Dungeon
  4078 | D:5      | Reached XP level 8. HP: 44/62 MP: 11/11
  4187 | D:5      | Noticed Ijyb
  4206 | D:5      | Killed Ijyb
  4382 | D:5      | Reached *** piety under Lugonu
  4402 | D:5      | Reached skill level 5 in Invocations
  4952 | D:5      | Noticed Menkaure
  4965 | D:5      | Killed Menkaure
  4965 | D:5      | Reached skill level 6 in Maces & Flails
  4965 | D:5      | Reached skill level 5 in Armour
  5321 | D:6      | Found the +1 cloak of Starlight {rElec rC+ EV+4 Stlth--}
  5323 | D:6      | You fall through a shaft!
  5447 | D:6      | Found a glowing drain.
  5454 | Sewer    | Entered a sewer
  6363 | D:6      | Reached **** piety under Lugonu
  6368 | D:6      | Found a staircase to the Ecumenical Temple.
  6398 | D:6      | Reached XP level 9. HP: 44/69 MP: 13/13
  6592 | D:6      | Reached skill level 7 in Maces & Flails
  7376 | D:6      | Found a hide-covered altar of Uskayaw.
  7378 | D:6      | Found a deep blue altar of Sif Muna.
  7378 | D:6      | Found a shattered altar of Ashenzari.
  7559 | D:7      | Noticed Duvessa
  7567 | D:7      | Noticed Dowan
  7587 | D:7      | Killed Duvessa
  7595 | D:7      | Killed Dowan
  7757 | D:7      | Reached skill level 8 in Maces & Flails
  8221 | D:7      | Noticed Pikel
  8274 | D:7      | Killed Pikel
  8274 | D:7      | Reached XP level 10. HP: 63/79 MP: 15/15
  8555 | D:7      | Noticed Prince Ribbit
  8816 | D:8      | Found a shimmering altar of Xom.
  8817 | D:8      | Found a burning altar of Makhleb.
  8962 | D:8      | Noticed a gargoyle
  8968 | D:8      | Banished a gargoyle
  8968 | D:8      | Reached skill level 9 in Maces & Flails
  9251 | D:8      | You fall through a shaft!
  9505 | D:9      | Noticed a guardian serpent
  9507 | D:9      | Banished a guardian serpent
  9587 | D:8      | Corrupted D:8
  9587 | D:8      | Noticed a mana viper
  9587 | D:8      | Noticed a starcursed mass
  9587 | D:8      | Noticed a sixfirhy
  9587 | D:8      | Noticed a smoke demon
  9588 | D:8      | Noticed a starcursed mass
  9588 | D:8      | Noticed a spatial maelstrom
  9590 | D:8      | Noticed a rakshasa
  9590 | D:8      | Noticed a lich
  9591 | D:8      | You fall through a shaft for 3 floors!
  9877 | D:10     | Entered Level 10 of the Dungeon
  9945 | D:8      | Noticed a tentacled starspawn
  9951 | D:8      | Noticed a thrashing horror
 11681 | D:10     | Reached skill level 10 in Maces & Flails
 11681 | D:10     | Reached XP level 11. HP: 79/87 MP: 17/17
 12033 | D:10     | Found a staircase to the Orcish Mines.
 12142 | D:10     | Noticed a tengu warrior
 12146 | D:10     | Banished a tengu warrior
 12215 | D:10     | Reached skill level 11 in Maces & Flails
 12492 | D:10     | Found a staircase to the Lair.
 12652 | Lair:1   | Entered Level 1 of the Lair of Beasts
 13285 | Lair:1   | Noticed an eight-headed hydra
 13290 | Lair:1   | Banished an eight-headed hydra
 13332 | Lair:1   | Reached skill level 10 in Invocations
 13437 | Lair:1   | Reached XP level 12. HP: 75/96 MP: 19/19
 14351 | Lair:1   | Reached skill level 12 in Maces & Flails
 14351 | Lair:1   | Reached skill level 1 in Shields
 14360 | Lair:1   | Reached skill level 10 in Fighting
 14931 | Lair:2   | Noticed an eight-headed hydra
 14932 | Lair:2   | Banished an eight-headed hydra
 15335 | Lair:2   | Reached skill level 10 in Armour
 15623 | Lair:2   | Found a runed door.
 15624 | Lair:2   | Noticed Juplutso's ghost (journeyman CeHu)
 15626 | Lair:2   | Noticed a spriggan rider
 16281 | Lair:3   | Found a staircase to the Shoals.
 16297 | Lair:3   | Reached skill level 5 in Shields
 16306 | Lair:3   | Reached XP level 13. HP: 70/104 MP: 21/21
 16691 | Lair:3   | Found a staircase to the Snake Pit.
 17114 | Lair:3   | Noticed a catoblepas
 17151 | Lair:3   | Killed a catoblepas
 17151 | Lair:3   | Reached skill level 13 in Maces & Flails
 17970 | Lair:4   | Noticed a catoblepas
 18133 | Lair:4   | Killed a catoblepas
 18302 | Lair:4   | Found a radiant altar of Vehumet.
 19193 | Lair:4   | Noticed a seven-headed hydra
 19198 | Lair:4   | Banished a seven-headed hydra
 19746 | Lair:5   | Noticed a four-headed hydra
 19748 | Lair:5   | Banished a four-headed hydra
 19772 | Lair:5   | Found a labyrinth entrance.
 19773 | Lair:5   | Noticed Kirke
 19775 | Lair:5   | Noticed a sphinx
 19924 | Lair:5   | Corrupted Lair:5
 19924 | Lair:5   | Noticed a great orb of eyes
 19924 | Lair:5   | Noticed an Executioner
 19924 | Lair:5   | Noticed a tentacled starspawn
 19924 | Lair:5   | Noticed a starcursed mass
 19927 | Lair:5   | Killed Kirke
 19930 | Lair:5   | Noticed an ironheart preserver
 19930 | Lair:5   | Noticed an ironheart preserver
 19930 | Lair:5   | Noticed an ironheart preserver
 19951 | Lab      | Entered a labyrinth
 20135 | Lab      | Noticed a minotaur
 20140 | Lab      | Banished a minotaur
 20147 | Lab      | Identified The Second Course in Wizardry
 20262 | Lair:5   | Reached XP level 14. HP: 113/113 MP: 22/22
 20635 | Lair:5   | Got a jewelled scale mail
 20636 | Lair:5   | Identified the +5 scale mail "Lihuerame" {rC+ MP-9 Str+9}
                  | (You found it on level 5 of the Lair of Beasts)
 21467 | Lair:6   | Entered Level 6 of the Lair of Beasts
 21485 | Lair:6   | Found a staircase to the Slime Pits.
 21569 | Lair:6   | Reached skill level 14 in Maces & Flails
 21672 | Lair:6   | Reached skill level 10 in Shields
 22025 | Lair:6   | Noticed Urug
 22028 | Lair:6   | Banished Urug
 22928 | Lair:6   | HP: 4/114 [blink frog (4)]
 23553 | Lair:6   | Reached XP level 15. HP: 31/120 MP: 23/23
 23839 | Lair:6   | Got a shimmering plate armour
 23871 | Lair:6   | Identified the +9 plate armour of Mihofuor {Str+7} (You
                  | found it on level 6 of the Lair of Beasts)
 24338 | Orc:1    | Entered Level 1 of the Orcish Mines
 24447 | Orc:1    | Found Qukereho's Assorted Antiques.
 24488 | Orc:1    | Bought a potion of curing for 81 gold pieces
 24488 | Orc:1    | Bought a potion of curing for 81 gold pieces
 24488 | Orc:1    | Bought a glowing jade amulet for 135 gold pieces
 24644 | Orc:2    | Entered Level 2 of the Orcish Mines
 24829 | Orc:2    | Found Kechal's Distillery.
 24838 | Orc:2    | Bought a potion of curing for 42 gold pieces
 24838 | Orc:2    | Bought a potion of curing for 42 gold pieces
 24838 | Orc:2    | Bought a potion of curing for 42 gold pieces
 24838 | Orc:2    | Bought a potion of heal wounds for 70 gold pieces
 24874 | Orc:2    | Found Tiboh's Distillery.
 24883 | Orc:2    | Bought a potion of heal wounds for 55 gold pieces
 24883 | Orc:2    | Bought a potion of might for 44 gold pieces
 24883 | Orc:2    | Bought a potion of curing for 33 gold pieces
 24883 | Orc:2    | Bought a potion of curing for 33 gold pieces
 24884 | Orc:2    | Found Jaimyg's Magic Scroll Emporium.
 25667 | Orc:2    | Found Ugrijouck's General Store.
 25716 | Orc:2    | Found a staircase to the Elven Halls.
 25778 | Orc:2    | Found a roughly hewn altar of Beogh.
 26257 | Orc:2    | Reached skill level 15 in Maces & Flails
 26308 | Orc:2    | Found Xituw's Distillery.
 26308 | Orc:2    | Found Gubbamm's Gadget Shop.
 26314 | Orc:2    | Bought a potion of curing for 48 gold pieces
 26314 | Orc:2    | Bought a potion of resistance for 160 gold pieces
 26389 | Orc:2    | Found Vibovo's Magic Scroll Shop.
 26389 | Orc:2    | Found Vupnior's Assorted Antiques.
 26545 | Orc:2    | Bought a scroll of enchant armour for 97 gold pieces
 26554 | Orc:2    | Bought a wand of paralysis (10) for 64 gold pieces
 27102 | D:11     | Noticed Nergalle
 27112 | D:11     | Killed Nergalle
 27189 | D:11     | Reached skill level 1 in Evocations
 27929 | D:12     | Noticed Erolcha
 27935 | D:12     | Killed Erolcha
 28207 | D:12     | Noticed Psyche
 28216 | D:12     | Killed Psyche
 28244 | D:12     | Noticed Josephine
 28256 | D:12     | Killed Josephine
 28380 | D:12     | Found a runed gate.
 28380 | D:12     | Found a runed gate.
 28392 | D:12     | Found a runed gate.
 28392 | D:12     | Noticed a shadow dragon
 28397 | D:12     | Noticed Tovarisch's ghost (journeyman DDNe)
 28404 | D:12     | Corrupted D:12
 28404 | D:12     | Noticed a tentacled starspawn
 28407 | D:12     | You fall through a shaft for 2 floors!
 29005 | D:14     | Reached XP level 16. HP: 107/129 MP: 25/25
 29309 | D:13     | Found Fiho Qos's General Store.
 29424 | D:12     | Killed a shadow dragon
 29440 | D:12     | Killed Tovarisch's ghost
 30490 | D:13     | Reached skill level 16 in Maces & Flails
 30816 | D:14     | Found a gate to the Vaults.
 30856 | D:14     | Reached ***** piety under Lugonu
 30856 | D:14     | Reached skill level 5 in Evocations
 31131 | D:15     | Entered Level 15 of the Dungeon
 31673 | D:15     | Escaped the Abyss
 32085 | D:15     | Reached XP level 17. HP: 28/137 MP: 19/26
 32572 | D:15     | Found a staircase to the Depths.
 32919 | D:15     | Found Xekk's Food Boutique.
 33235 | Snake:1  | Entered Level 1 of the Snake Pit
 33303 | Snake:1  | Identified a scroll of acquirement
 33896 | Snake:1  | Found a runed door.
 33917 | Snake:1  | Found a shimmering altar of Xom.
 33917 | Snake:1  | Identified the +9 rapier "Ryphaxzu" {chaos, rC+ Str-2
                  | Int+4}
 33917 | Snake:1  | Noticed Xoff's ghost (journeyman GnFi)
 33940 | Snake:1  | Banished Xoff's ghost
 34805 | Snake:1  | Found Niom Ibb's Gadget Shop.
 34807 | Snake:1  | Found Eseiss's Jewellery Emporium.
 34808 | Snake:1  | Found Meumu's Gadget Shop.
 34815 | Snake:1  | Bought the ring "Uphucuh" {rF+ rC+ Str+5} for 742 gold
                  | pieces
 34815 | Snake:1  | Bought a +3 amulet of reflection for 235 gold pieces
 34854 | Snake:1  | Reached skill level 17 in Maces & Flails
 36404 | Snake:2  | Found Ruydoep's Jewellery Emporium.
 36404 | Snake:2  | Found Zuoqil's Gadget Shoppe.
 36412 | Snake:2  | Found Botibbyg's Antique Armour Emporium.
 36420 | Snake:2  | Found Foyl Ora's Armour Shoppe.
 36932 | Snake:3  | Corrupted Snake:3
 37458 | Snake:2  | Reached XP level 18. HP: 142/146 MP: 28/28
 37566 | Snake:4  | Entered Level 4 of the Snake Pit
 38727 | Snake:4  | Noticed Nikola
 38758 | Snake:4  | Killed Nikola
 39173 | Snake:4  | Reached skill level 18 in Maces & Flails
 39894 | Snake:4  | Got a serpentine rune of Zot
 40101 | Shoals:1 | Entered Level 1 of the Shoals
 40258 | Shoals:1 | HP: 7/148 [merfolk aquamancer/+4 rapier of speed (3)]
 40259 | Shoals:1 | HP: 3/148 [drowned by a water elemental (9)]
 40262 | Shoals:1 | Killed from afar by a merfolk aquamancer

Vault maps used:
D:1:      dpeg_arrival_arbitrary_b, minmay_misc_feat_roman,
          minmay_misc_feat_four_crosses
D:2:      nrook_campfire, okawaru_trees_1, uniq_terence,
          uniq_crazy_yiuf_cottage, uniq_jessica
D:3:      overflow_temple_1_default, lemuel_round_altar, serial_bayou_pond_a
D:4:      nicolae_overflow_crystal_walls, kennysheep_little_box, first_ration,
          st_stairs_13, serial_bayou_pond_e, minmay_misc_feat_plants,
          uniq_blork_the_orc
D:5:      uniq_ijyb, uniq_menkaure
D:6:      grunt_temple_overflow_diamond, gup_sewer_entry_bubbles
D:7:      minmay_opposing_rooms, nicolae_ossuary_entry_giza, uniq_pikel,
          uniq_duvessa, uniq_prince_ribbit1
D:8:      grunt_temple_overflow_champion_of_chaos
D:9:      the_bakery, nrook_guardian_serpent_ordinary
D:10:     minmay_diamond_stairs, due_lair_maze_entry_diamond, orc_0_dummy
D:11:     minmay_shrinking_squares, st_stairs_1, uniq_nergalle
D:12:     gammafunk_ghost_split, minmay_misc_feat_encased, uniq_josephine,
          uniq_psyche, uniq_erolcha
D:13:     hangedman_cross_veins, serial_shops, nicolae_shop_stone,
          enter_bailey_2
D:14:     grunt_vaults_entry_fortified, minmay_misc_feat_pillars, kb_rosetta
D:15:     hangedman_depths_entry_civil_slaughter, serial_shops, shop_fountains,
          minmay_misc_feat_alley
Lair:1:   beast_lair_carwin_9
Lair:2:   ebering_ghost_funeral_grove, serial_rivers,
          chequers_serial_rivers_small_3, chequers_serial_rivers_room_b,
          chequers_serial_rivers_micro_b, chequers_serial_rivers_small_b,
          grunt_forest_stairs_clearing
Lair:3:   elwin_shoals_entry_stream, minmay_snake_entry_spellcaster,
          st_stairs_12, beast_lair_carwin_8
Lair:4:   basic_altar, serial_bayou_pond_a, grunt_megastairs_3,
          serial_bayou_shore_a
Lair:5:   minmay_lair_oklob_tunnel, lab_entry_generic, serial_bayou_shore_b,
          infiniplex_staircase_pool, uniq_kirke
Lair:6:   minmay_lair_end_frog_pond, nicolae_slime_entry_slimehenge,
          grunt_megastairs_1, uniq_urug
Shoals:1: uniq_frances
Shoals:2: nicolae_shoals_water_shrine
Snake:1:  portal_ice_cave_entry_pillars_2, ebering_ghost_xom, minmay_shop_grove,
          serial_bayou_shore_b
Snake:2:  nicolae_snake_squiggles, minmay_shoptagon
Snake:3:  ebering_ghost_reflecting_pool, nicolae_snake_serpentine_hallways
Snake:4:  minmay_snake_end_coiled, special_room, nicolae_large_snake_swirl,
          uniq_nikola
Orc:1:    serial_shops, nicolae_shop_stone
Orc:2:    st_orc_town, serial_shops,
          nicolae_shop_temple_entry_statues_fountains, shop, shop, shop
Lab:      labyrinth_spiral
Sewer:    sewer_co_15_rooms

Skill      XL: |  1  2  3  4  5  6  7  8  9 10 11 12 13 14 15 16 17 18 |
---------------+-------------------------------------------------------+-----
Dodging        | 1 |  1.7
Invocations    | 3 4 5 7 8 10 11 12 13 | 13.4
Armour         | 3 4 5 7 8 9 10 11 12 13 14 | 14.7
Fighting       | 4 5 6 7 8 9 10 11 12 13 14 | 14.8
Maces & Flails | 3 4 5 6 8 10 11 12 13 14 15 16 17 18 | 18.3
Shields        | 5 8 11 12 13 14 | 14.6
Evocations     | 3 5 |  5.8

Action                   |  1- 3 |  4- 6 |  7- 9 | 10-12 | 13-15 | 16-18 || total
-------------------------+-------+-------+-------+-------+-------+-------++-------
Melee: Mace              |    11 |       |   383 |       |       |       ||   394
       Dagger            |    40 |   176 |   344 |       |       |       ||   560
       Unarmed           |       |       |    13 |       |       |       ||    13
       Whip              |       |       |       |   262 |       |       ||   262
       Flail             |       |       |       |   277 |       |       ||   277
       Dire flail        |       |       |       |   374 |  1632 |  1781 ||  3787
Invok: Depart the Abyss  |     1 |       |       |       |       |     1 ||     2
       Bend Space        |       |     1 |     1 |       |     4 |     3 ||     9
       Banish            |       |       |     1 |    24 |    33 |    21 ||    79
       Corrupt           |       |       |       |     1 |     2 |     1 ||     4
       Enter the Abyss   |       |       |       |       |       |     1 ||     1
 Abil: Dig               |       |       |     2 |       |     2 |    14 ||    18
       Shaft Self        |       |       |     1 |     1 |     1 |       ||     3
Evoke: Wand              |       |       |     5 |     1 |     1 |    18 ||    25
  Use: Scroll            |     1 |       |    14 |     7 |    10 |     6 ||    38
       Potion            |       |       |     5 |     2 |     3 |    13 ||    23
 Stab: Petrified         |       |       |       |       |     3 |       ||     3
       Paralysed         |       |       |       |       |       |     1 ||     1
  Eat: Chunk             |       |     7 |    13 |    13 |    22 |    15 ||    70
       Ration            |       |       |     2 |     7 |     9 |    11 ||    29
Armor: Leather armour    |    10 |       |       |       |       |       ||    10
       Ring mail         |    13 |    57 |       |       |       |       ||    70
       Scale mail        |       |    12 |    77 |       |     4 |       ||    93
       Plate armour      |       |       |   363 |   437 |   475 |   406 ||  1681
       Skin              |       |       |    99 |       |       |       ||    99
Dodge: Dodged            |    31 |   118 |   325 |   394 |   342 |   379 ||  1589
Block: Large shield      |       |       |       |   100 |  1272 |  1314 ||  2686
       Shield            |       |       |       |       |       |   176 ||   176
       Reflection        |       |       |       |       |       |   100 ||   100

Table legend:
 A = Non-vault XP
 B = Vault XP
 C = Vault XP percentage of total XP
 D = Non-vault monster count
 E = Vault monster count
 F = Vault count percentage of total count
                 A         B        C        D         E       F
            +---------+---------+-------+---------+---------+-------
      Total |  169234 |   85720 |  33.6 |     711 |     299 |  29.6
            +---------+---------+-------+---------+---------+-------
        D:1 |      21 |       0 |   0.0 |      10 |       0 |   0.0
        D:2 |     188 |     110 |  36.9 |      36 |       3 |   7.7
        D:3 |      51 |       0 |   0.0 |      15 |       0 |   0.0
        D:4 |     426 |      96 |  18.4 |      26 |       1 |   3.7
        D:5 |     409 |     208 |  33.7 |      13 |       2 |  13.3
        D:6 |     746 |      32 |   4.1 |      21 |       8 |  27.6
        D:7 |     507 |    1624 |  76.2 |      18 |      15 |  45.5
        D:8 |     748 |      50 |   6.3 |      14 |       1 |   6.7
        D:9 |    1080 |     583 |  35.1 |      13 |       3 |  18.8
       D:10 |    4727 |    1896 |  28.6 |      35 |      12 |  25.5
       D:11 |    1947 |    4247 |  68.6 |      23 |      12 |  34.3
       D:12 |    7011 |    3090 |  30.6 |      24 |       6 |  20.0
       D:13 |    5585 |    8176 |  59.4 |      21 |      20 |  48.8
       D:14 |   13105 |    9397 |  41.8 |      36 |      14 |  28.0
       D:15 |   17759 |    4270 |  19.4 |      54 |       6 |  10.0
     Lair:1 |    4876 |     939 |  16.1 |      27 |       4 |  12.9
     Lair:2 |    4205 |     972 |  18.8 |      17 |       6 |  26.1
     Lair:3 |    4574 |    4921 |  51.8 |      18 |      15 |  45.5
     Lair:4 |    6985 |    1079 |  13.4 |      26 |       4 |  13.3
     Lair:5 |    6171 |    2774 |  31.0 |      24 |       9 |  27.3
     Lair:6 |   11790 |   11160 |  48.6 |      38 |      50 |  56.8
   Shoals:1 |    4776 |       0 |   0.0 |       9 |       0 |   0.0
   Shoals:2 |     244 |       0 |   0.0 |       1 |       0 |   0.0
    Snake:1 |   17575 |    1641 |   8.5 |      33 |       2 |   5.7
    Snake:2 |   18388 |       0 |   0.0 |      30 |       0 |   0.0
    Snake:3 |    4717 |       0 |   0.0 |      11 |       0 |   0.0
    Snake:4 |   22855 |   19108 |  45.5 |      48 |      33 |  40.7
      Orc:1 |    3932 |    1023 |  20.6 |      33 |       3 |   8.3
      Orc:2 |    1942 |    7433 |  79.3 |      29 |      53 |  64.6
    Abyss:1 |    1894 |       0 |   0.0 |       8 |       0 |   0.0
        Lab |       0 |     608 | 100.0 |       0 |       1 | 100.0
      Sewer |       0 |     283 | 100.0 |       0 |      16 | 100.0
            +---------+---------+-------+---------+---------+-------
